 Dungeon Crawl Stone Soup version 0.31-a0-844-gdc52ec4e09 (webtiles) character file.

Game seed: 10040365538170257318

25 IdlyInterested the Insei (level 2, -7/23 HPs)
             Began as a Demonspawn Wanderer on Sept 29, 2023.
             Mangled by a black bear (10 damage)
             ... on level 2 of the Dungeon.
             The game lasted 00:03:21 (961 turns).

IdlyInterested the Insei (Demonspawn Wanderer)       Turns: 961, Time: 00:03:22

Health: -7/23      AC:  7    Str: 10    XL:     2   Next: 86%
Magic:  2/2        EV: 10    Int: 12    God:
Gold:   87         SH:  0    Dex: 15    Spells: 1/1 levels left

rFire   . . .        a - +2 quarterstaff
rCold   . . .        (shield currently unavailable)
rNeg    . . .        p - +0 ring mail
rPois   .            (no helmet)
rElec   .            (no cloak)
rCorr   .            (no gloves)
SInv    .            (no boots)
Will    +....        (no amulet)
Stlth   +            o - ring of willpower
HPRegen 0.23/turn    (no ring)
MPRegen 0.08/turn

%: no passive effects
@: no status effects
A: icy blue scales 1
a: no special abilities


You were on level 2 of the Dungeon.
You visited 1 branch of the dungeon, and saw 2 of its levels.

You collected 87 gold pieces.

Inventory:

Hand Weapons
 a - a +2 quarterstaff (weapon)
 i - a +0 mace
Missiles
 h - 4 stones
 j - 5 curare-tipped darts
 u - 2 throwing nets
Armour
 e - a +0 robe
 p - a +0 ring mail (worn)
 t - a +0 chain mail
Jewellery
 g - a ring of wizardry
 o - a ring of willpower (left hand)
Wands
 c - a wand of polymorph (4) (quivered)
Scrolls
 b - a scroll of fog
 d - a scroll of teleportation
 m - a scroll of enchant armour {unknown}
 n - a scroll of immolation {unknown}
 q - a scroll of amnesia {unknown}
 s - a scroll of poison {unknown}
Potions
 f - a potion of curing {unknown}
 k - a potion of degeneration {unknown}
 l - a potion of heal wounds
 v - a potion of magic {unknown}
 w - a potion of haste {unknown}


   Skills:
 * Level 2.3 Fighting
 - Level 2.6 Staves
 + Level 0.5 Throwing
 - Level 1.0 Armour
 - Level 1.0 Dodging
 - Level 2.6 Unarmed Combat
 - Level 1.2 Invocations
 - Level 1.0 Evocations


You had one spell level left.
You didn't know any spells.
Your spell library contained the following spells:

 Spells                   Type           Power      Damage    Failure   Level
 Apportation              Tloc           0%         N/A       63%         1
 Necrotise                Necr           0%         1d4       63%         1
 Summon Small Mammal      Summ           0%         N/A       63%         1


Dungeon Overview and Level Annotations

Branches:
Dungeon (2/15)

Altars:


Innate Abilities, Weirdness & Mutations

You are partially covered in icy blue scales. (AC +2)


Message History

The black bear growls angrily.
Throw: 6 darts (curare)
Press: ? - help, Shift-Dir - straight line, f - black bear
Aim: a black bear (64% to hit)
You throw a curare-tipped dart.
The curare-tipped dart hits the black bear.
The black bear is poisoned.
The black bear convulses.
The black bear seems to slow down.
The black bear is lightly wounded.
Throw: 5 stones
Press: ? - help, Shift-Dir - straight line, f/p - black bear
Aim: a black bear (lightly wounded, very poisoned, slow, 64% to hit)
You throw a stone.
The stone hits the black bear but does no damage.
The black bear is lightly wounded.
You hit the black bear.
The black bear is heavily wounded.
The black bear bites you but does no damage.
The black bear barely misses you. x2
You barely miss the black bear.
The black bear is heavily wounded.
The black bear bites you but does no damage.
The black bear claws you. The black bear barely misses you.
You hit the black bear.
The black bear is severely wounded.
You barely miss the black bear.
The black bear is severely wounded.
The black bear shakes off its lethargy.
The black bear goes berserk!
You closely miss the black bear.
The black bear is severely wounded.
The black bear bites you.
The black bear claws you but does no damage.
The black bear claws you. The black bear bites you.
The black bear claws you. x2
You hit the black bear.
The black bear is severely wounded.
The black bear bites you.
* * * LOW HITPOINT WARNING * * *
The black bear claws you but does no damage.
The black bear closely misses you. The black bear bites you!
You die...

#.##
#.##.......###......#.#
#.#
#.#########.#.#######.#
#.# #.# ##.## #.# #.#
#.# #.# #.# #.# #.# #..
#.# #.# #.# ##.# #..
#.# #.# .# ### #.#
#.##########.#.
#........@h(# #
############.# .# .. ..
.. .


You could see a black bear (berserk, poisoned).

Vanquished Creatures
  2 ball pythons (D:2)
  An endoplasm (D:1)
  5 goblins
  2 hobgoblins
  3 quokkas (D:1)
  3 bats
  A frilled lizard (D:1)
  3 kobolds
  3 rats
23 creatures vanquished.

Notes
Turn   | Place    | Note
-------+----------+-------------------------------------------
     0 | D:1      | IdlyInterested the Demonspawn Wanderer began the quest for
                  | the Orb.
     0 | D:1      | IdlyInterested set off with the following items: a +2
                  | quarterstaff, a scroll of fog, a wand of polymorph (4), a
                  | scroll of teleportation, a +0 robe.
     0 | D:1      | Reached XP level 1. HP: 15/15 MP: 1/1
   284 | D:1      | Gained mutation: You are partially covered in icy blue
                  | scales. (AC +2) [demonic ancestry]
   284 | D:1      | Reached XP level 2. HP: 10/22 MP: 2/2
   793 | D:2      | Reached skill level 1 in Armour
   952 | D:2      | Noticed a black bear
   961 | D:2      | Mangled by a black bear

Illustrated notes

Levels and vault maps discovered:
D:1:      dpeg_arrival_boxes_within_box, layout_rooms
D:2:      layout_loops_ring, minmay_tripent

Skill      XL: |  1  2 |
---------------+-------+-----
Fighting       | 2 |  2.3
Armour         | 1 |  1.0
Staves         | |  2.6
Throwing       | |  0.5
Dodging        | |  1.0
Unarmed Combat | |  2.6
Invocations    | |  1.2
Evocations     | |  1.0

Action                     || total
---------------------------++-------
  Melee: Quarterstaff      ||    59
  Throw: Dart              ||     1
         Stone             ||     1
    Use: Potion            ||     1
   Stab: Sleeping          ||     1
 Armour: Robe              ||    14
         Ring mail         ||    27
  Dodge: Dodged            ||    36

Table legend: (Time is in decaauts)
 A = Elapsed time spent in this place.
 B = Non-inter-level travel time spent in this place.
 C = Inter-level travel time spent in this place.
 D = Time resting spent in this place.
 E = Time spent auto-exploring this place.
 F = Levels seen in this place.
 G = Mean time per level.
                   A        B        C        D        E       F      G
               +--------+--------+--------+--------+--------+-----+--------+
         Total |    970 |    810 |    160 |      0 |    497 |   2 |  485.0 |
       Dungeon |    970 |    810 |    160 |      0 |    497 |   2 |  485.0 |
               +--------+--------+--------+--------+--------+-----+--------+

Top non-repeatable levels by time:
     D:1: 771 daAuts
     D:2: 199 daAuts
